 Dungeon Crawl Stone Soup version 0.32-a0-18-g89e19f1974 (webtiles) character file.

Game seed: 10399566344430653420

20 Malachi the Gusty (level 2, 0/23 HPs)
             Began as a Gnoll Wanderer on Jan 16, 2024.
             Slain by an adder (2 damage)
             ... on level 2 of the Dungeon.
             The game lasted 00:01:16 (1185 turns).

Malachi the Gusty (Gnoll Wanderer)                  Turns: 1185, Time: 00:01:17

Health: 0/23       AC:  4    Str:  8    XL:     2   Next: 79%
Magic:  5/5        EV: 13    Int: 11    God:
Gold:   68         SH:  0    Dex: 14    Spells: 5/6 levels left

rFire   . . .        a - +0 dagger
rCold   . . .        (no shield)
rNeg    . . .        d - +0 robe
rPois   .            (no helmet)
rElec   .            h - +0 cloak
rCorr   .            f - +0 pair of gloves
SInv    .            (no boots)
Will    .....        (no amulet)
Stlth   +            (no ring)
HPRegen 0.23/turn    (no ring)
MPRegen 0.09/turn

%: no passive effects
@: lethally poisoned (0 -> -1)
A: fangs 1, strong nose, distributed training
a: no special abilities


You were on level 2 of the Dungeon.
You visited 1 branch of the dungeon, and saw 2 of its levels.

You collected 68 gold pieces.

Inventory:

Hand Weapons
 a - a +0 dagger (weapon)
Armour
 b - a +0 pair of gloves
 d - a +0 robe (worn)
 f - a +0 pair of gloves (worn)
 h - a +0 cloak (worn)
Jewellery
 g - a +6 ring of dexterity
Scrolls
 c - 3 scrolls of teleportation
 e - a scroll of vulnerability
 l - a scroll of revelation {unknown}
 m - a scroll of immolation {unknown}
 o - a scroll of identify {unknown}
 q - a scroll of enchant armour {unknown}
Potions
 i - 2 potions of brilliance {unknown}
 j - a potion of heal wounds {unknown}
 k - a potion of enlightenment {unknown}
 n - a potion of haste {unknown}
 p - a potion of cancellation {unknown}


   Skills:
 + Level 2.5 Fighting
 + Level 0.5 Short Blades
 + Level 0.5 Long Blades
 + Level 0.5 Axes
 + Level 0.5 Maces & Flails
 + Level 0.5 Polearms
 + Level 0.5 Staves
 + Level 0.5 Ranged Weapons
 + Level 0.5 Throwing
 + Level 2.5 Armour
 + Level 4.5 Dodging
 + Level 0.5 Stealth
 + Level 0.5 Shields
 + Level 0.5 Unarmed Combat
 + Level 2.7 Spellcasting
 + Level 0.4 Conjurations
 + Level 0.4 Hexes
 + Level 0.4 Summonings
 + Level 0.4 Necromancy
 + Level 0.4 Translocations
 + Level 0.4 Fire Magic
 + Level 0.4 Ice Magic
 + Level 5.4 Air Magic
 + Level 0.4 Earth Magic
 + Level 0.4 Alchemy
 + Level 2.5 Invocations
 + Level 2.5 Evocations
 + Level 0.5 Shapeshifting


You had 5 spell levels left.
You knew the following spells:

 Your Spells              Type           Power      Damage    Failure   Level
a - Shock                 Conj/Air       28%        1d4       9%          1

Your spell library contained the following spells:

 Spells                   Type           Power      Damage    Failure   Level
 Mercury Vapours          Alch/Air       14%        N/A       12%         2
 Cigotuvi's Dreadful Rot  Necr/Alch/Air  12%        N/A       17%         2


Dungeon Overview and Level Annotations

Branches:
Dungeon (2/15)

Altars:


Innate Abilities, Weirdness & Mutations

You have very sharp teeth.
Your uncanny sense of smell can sniff out nearby items.
Your experience applies equally to all skills.


Message History

You hit the ball python.
You kill the ball python!
The bat closely misses you. The dart slug barely misses you.
You hit the endoplasm but do no damage. The bat barely misses you.
The endoplasm hits you but does no damage.
There are monsters nearby!
There are monsters nearby!
There are monsters nearby!
You hit the adder but do no damage. The bat closely misses you.
The adder bites you. The endoplasm freezes you.
You are frozen.
The dart slug launches a dart at you. The slug dart hits you.
The adder bites you.
You are poisoned.
The adder poisons you!
The dart slug briefly extends its eye-stalks.
You feel sick.
The endoplasm attacks as it pursues you!
The endoplasm hits you but does no damage.
You are too injured to fight recklessly!
You hit the endoplasm but do no damage.
You feel sick. The endoplasm freezes you.
You are frozen.
* * * LOW HITPOINT WARNING * * *
You hit the endoplasm.
The endoplasm is heavily wounded.
You feel sick. The endoplasm hits you.
* * * LOW HITPOINT WARNING * * *
You hit the endoplasm.
You bite the endoplasm, but do no damage.
The endoplasm is almost dead.
* * * LOW HITPOINT WARNING * * *
You feel sick. The endoplasm barely misses you.
You hit the endoplasm.
You kill the endoplasm!
* * * LOW HITPOINT WARNING * * *
You feel sick. The adder bites you.
You die...

#......## #....#........##...
#.>.......
.[#...........###..
#...........####...........#
..
#.......###..................
. #.......#
######.###...#####.#
.......## #..##.#.# .#
........ ##.#..#.#
....####..########.#..#.#
#....bS@?.........
##...w####........
...........#........
...#.....#..........
..........#..#.#..#..
............##.#.###.#
...........# .# #
............ ...(.........


You could see an adder, a dart slug and a bat.

Vanquished Creatures
  3 endoplasms (D:2)
  A giant cockroach (D:1)
  2 goblins (D:1)
  A hobgoblin (D:2)
  2 quokkas
  2 ball pythons
  3 bats
  3 frilled lizards
  2 kobolds
  2 rats
21 creatures vanquished.

Notes
Turn   | Place    | Note
-------+----------+-------------------------------------------
     0 | D:1      | Malachi the Gnoll Wanderer began the quest for the Orb.
     0 | D:1      | Malachi set off with the following items: a +0 dagger, a +0
                  | pair of gloves, a scroll of teleportation, a +0 robe, a
                  | scroll of vulnerability; and the following spell memorised:
                  | Shock; and the following spells available to memorise:
                  | Mercury Vapours, Cigotuvi's Dreadful Rot.
     0 | D:1      | Reached XP level 1. HP: 17/17 MP: 4/4
   743 | D:1      | Reached XP level 2. HP: 23/23 MP: 5/5
  1185 | D:2      | Slain by an adder

Illustrated notes

Levels and vault maps discovered:
D:1:      lemuel_arrival_hallway, layout_rooms, serial_co_window_serial,
          co_window_corner_a, co_window_corner_a, co_window_of_opportunity_a,
          co_window_paths_a, co_window_corner_a, co_window_cross_1,
          co_window_broadway_c, co_window_unsneaky_path_a,
          co_window_of_opportunity_c, co_window_paths_e, glass_columns_c,
          minmay_misc_feat_pillars
D:2:      layout_rooms, uniq_natasha

Action                     || total
---------------------------++-------
  Melee: Dagger            ||    85
         Bite              ||     7
         Punch             ||     1
   Cast: Shock             ||     8
 Armour: Robe              ||    47
  Dodge: Dodged            ||    68

Table legend: (Time is in decaauts)
 A = Elapsed time spent in this place.
 B = Non-inter-level travel time spent in this place.
 C = Inter-level travel time spent in this place.
 D = Time resting spent in this place.
 E = Time spent auto-exploring this place.
 F = Levels seen in this place.
 G = Mean time per level.
                   A        B        C        D        E       F      G
               +--------+--------+--------+--------+--------+-----+--------+
         Total |   1183 |   1084 |     99 |      0 |    868 |   2 |  591.5 |
       Dungeon |   1183 |   1084 |     99 |      0 |    868 |   2 |  591.5 |
               +--------+--------+--------+--------+--------+-----+--------+

Top non-repeatable levels by time:
     D:1: 959 daAuts
     D:2: 223 daAuts
